 Dungeon Crawl Stone Soup version bcrawl-1.40.3b (webtiles) character file.

Game seed: 10843752866394238837

296770 Amelense the Basher (level 10, -5/112 HPs)
             Began as an Ent Monk on Feb 6, 2024.
             Was an Elder of Cheibriados.
             Slain by an orc knight
             ... wielding a +0 great sword of freezing
              (9 damage)
             ... in the Orcish Mines.
             The game lasted 00:35:12 (7861 turns).

Amelense the Basher (Ent Monk)                      Turns: 7861, Time: 00:35:13

Health: -5/112     AC: 17    Str: 36    XL:     10   Next: 11%
Magic:  0/11       EV: 14    Int: 22    God:    Cheibriados [****..]
Gold:   352        SH:  0    Dex: 19    Spells: 10/11 levels left

rFire    . . .     GDR:     37% h - +0 giant spiked club
rCold    . . .     SeeInvis .   (shield currently unavailable)
rNeg     + + +     Gourm    .   (armour unavailable)
rPois    +         Faith    .   b - +0 hat
rElec    .         Spirit   +   (no cloak)
rCorr    .         Reflect  .   (gloves unavailable)
MR       +....     Clarity  +   (boots unavailable)
Stlth    +++.......             c - amulet of guardian spirit
HPRegen  0.28/turn              (no ring)
MPRegen  0.12/turn              (no ring)

@: mighty, very slow
A: large, slow actions, passwall, strong branches, antennae 1, clever 1, clumsy
1, negative energy resistance 3, poison resistance, slow metabolism 1, torment
resistance, unbreathing, AC +17
a: Passwall, Bend Time, Defer, Temporal Distortion, Renounce Religion


You were in the Orcish Mines.
You worshipped Cheibriados.
Cheibriados was greatly pleased with you.
You were very full.

You visited 3 branches of the dungeon, and saw 10 of its levels.

You collected 616 gold pieces.
You spent 264 gold pieces at shops.

Inventory:

Hand Weapons
 a - a +0 quarterstaff
 h - a +0 giant spiked club (weapon)
 t - a +1 flail
 D - a +1 whip of flaming
 E - a +0 dire flail
 J - a +0 antimagic flail
Armour
 b - a +0 hat (worn)
Jewellery
 c - an amulet of guardian spirit (around neck)
 F - the amulet of Pantheism {Inacc rElec MP-9 Str+2}
   (You found it on level 7 of the Dungeon)

   [amulet of inaccuracy]

   It reduces the accuracy of all your attacks.
   It affects your strength (+2).
   It insulates you from electricity.
   It affects your magic capacity (-9).
Wands
 x - a wand of disintegration (27)
 y - a wand of polymorph (23)
 G - a wand of paralysis (16)
 K - a wand of clouds (7)
 L - a wand of iceblast (8)
Scrolls
 d - 8 scrolls of remove curse
 f - a scroll of blinking {unknown}
 i - 7 scrolls of identify
 l - a scroll of enchant weapon
 o - 2 scrolls of noise
 p - 3 scrolls of amnesia
 q - 2 scrolls of fear {unknown}
 r - a scroll of teleportation
 u - a scroll of fog {unknown}
 v - 2 scrolls of immolation
 C - a scroll of enchant armour {unknown}
 I - 4 scrolls of revelation
Potions
 j - a potion of brilliance {unknown}
 k - a potion of resistance {unknown}
 m - a potion of heal wounds {unknown}
 n - a potion of magic
 s - 2 potions of lignification
 w - 3 potions of flight
 z - a potion of cancellation {unknown}
 A - 3 potions of might
 B - 3 potions of curing
 H - 2 potions of mutation
Comestibles
 e - 17 rations {!d}


   Skills:
 * Level 7.7 Fighting
   Level 2.0(5.2) Axes
 * Level 11.6(12.4) Maces & Flails
 + Level 5.5(8.4) Staves
 + Level 6.1 Dodging
 - Level 3.6 Stealth
 + Level 1.0 Spellcasting
 + Level 1.0 Hexes
 - Level 2.4 Invocations
 - Level 0.3 Evocations


You had 10 spell levels left.
You knew the following spells:

 Your Spells              Type           Power        Failure   Level  Hunger
a - Slow                  Hex            #.......     10%         1    None

Your spell library contained the following spells:

 Spells                   Type           Power        Failure   Level  Hunger
 Corona                   Hex            #......      10%         1    None
 Apportation              Tloc           #.....       16%         1    None
 Infusion                 Chrm           #.......     16%         1    None
 Sandblast                Erth           #.....       16%         1    None
 Summon Butterflies       Summ           #.......     16%         1    None


Dungeon Overview and Level Annotations

Branches:
Dungeon (8/12)             Temple (1/1) D:4             Orc (1/1) D:8
   Lair: D:7-9        Slime: Orc:1

Altars:
Ashenzari
Cheibriados
Dithmenos
Elyvilon
Fedhas
Gozag
Hepliaklqana
Makhleb
Nemelex Xobeh
Okawaru
Qazlal
Ru
Sif Muna
Trog
Uskayaw
Vehumet
Wu Jian
Xom
Yredelemnul
Zin
The Shining One

Shops:
D:7 !


Innate Abilities, Weirdness & Mutations

You move and act slowly.
You can pass through walls and trees.
Your branches can wield two-handed weapons with a shield.
Your thick bark is tough. (AC +17)
You are too large for most types of armour.
You are immune to negative energy. (rN+++)
Your system is resistant to poisons. (rPois)
You have a slow metabolism.
You are immune to unholy pain and torment.
You can survive without breathing.
You have a pair of small antennae on your head.
Your mind is acute. (Int +2)
You are clumsy. (Dex -2)


Message History

The orc knight freezes you.
The orc knight roars a battlecry!
The orcs go into a battle-frenzy!
The orc wizard gestures wildly while chanting.
The orc wizard flickers and vanishes!
Deactivating autopickup; reactivate with Ctrl-A.
The warg barely misses you. The orc hits you but does no damage.
The orc warrior hits you with a +2 short sword of speed!!
The orc closely misses you. The troll bites you. The troll claws you.
The troll claws you but does no damage.
The orc warrior hits you but does no damage.
The orc warrior hits you from afar with a +0 halberd!!
The orc barely misses you. The warg completely misses you.
There is a staircase back to the Dungeon, spattered with blood here.
The orc hits you with a +0 mace!
* * * LOW HITPOINT WARNING * * *
The orc knight hits you with a +0 great sword of freezing!!
* * * LOW HITPOINT WARNING * * *
The orc knight freezes you!
You die...

#.##...
##.......
#........
###........
##.#...o....
##....ooooo..
#...oToooo...
#...o@og.oo..
#..#.oho.....#
.....o...o.$.
#.$..#........
..#.........o..
. #...##..$....
##. ....... ##
#....g.


You could see 2 orc knights, a troll, a warg, 5 orc warriors, an orc wizard, 2
gnolls and 12 orcs.

Vanquished Creatures
  A two-headed ogre (D:8)
  Pikel (D:6)
  A hippogriff (D:7)
  A yak (D:7)
  A human (D:7)
  3 hogs (D:7)
  A steam dragon (D:5)
  Duvessa (D:6)
  A sky beast (D:6)
  3 orc warriors
  3 ogres
  A bullfrog (D:8)
  A kobold brigand (D:7)
  A gnoll sergeant (D:8)
  Dowan (D:6)
  3 scorpions
  6 howler monkeys
  4 orc priests
  2 crimson imps
  A bullfrog zombie (D:5)
  2 jellies (D:7)
  A hound (D:6)
  2 iguanas
  2 orc wizards
  3 worker ants
  A hound skeleton (D:3)
  Robin (D:3)
  A howler monkey skeleton (D:6)
  3 gnolls (D:8)
  10 adders
  2 adder skeletons
  A worm (D:3)
  A dart slug (D:2)
  5 leopard geckos
  36 orcs
  2 ball pythons
  3 giant cockroaches
  6 hobgoblins
  8 jackals
  11 kobolds
  5 quokkas
  5 bats
  3 frilled lizards
  10 goblins
  A jackal zombie (D:8)
  5 rats
167 creatures vanquished.

Vanquished Creatures (others)
  Blork the orc (D:6)
1 creature vanquished.

Grand Total: 168 creatures vanquished

Notes
Turn   | Place    | Note
-------+----------+-------------------------------------------
     0 | D:1      | Amelense the Ent Monk began the quest for the Orb.
     0 | D:1      | Reached XP level 1. HP: 25/25 MP: 2/2
   130 | D:1      | Reached XP level 2. HP: 33/33 MP: 3/3
   530 | D:2      | Reached XP level 3. HP: 40/42 MP: 4/4
  1331 | D:3      | Noticed a scorpion
  1342 | D:3      | Killed a scorpion
  1343 | D:3      | Reached XP level 4. HP: 34/51 MP: 5/5
  1419 | D:3      | Reached XP level 5. HP: 41/58 MP: 4/6
  1868 | D:3      | Noticed Robin
  1893 | D:3      | Killed Robin
  1894 | D:3      | Reached XP level 6. HP: 64/68 MP: 7/7
  2314 | D:4      | Noticed an orc warrior
  2325 | D:4      | Reached skill level 5 in Staves
  2341 | D:4      | Reached skill level 5 in Fighting
  2365 | D:4      | Found a blossoming altar of Fedhas.
  2366 | D:4      | Found a staircase to the Ecumenical Temple.
  2393 | Temple   | Entered the Ecumenical Temple
  2516 | Temple   | Became a worshipper of Cheibriados the Contemplative
  2516 | Temple   | Reached * piety under Cheibriados
  2516 | Temple   | Reached ** piety under Cheibriados
  2700 | D:4      | Reached skill level 1 in Maces & Flails
  2700 | D:4      | Reached XP level 7. HP: 75/78 MP: 8/8
  2735 | D:4      | Reached skill level 2 in Maces & Flails
  2963 | D:4      | HP: 3/78 [orc warrior/+0 short sword (6)]
  3454 | D:4      | Reached skill level 1 in Axes
  3689 | D:5      | Entered Level 5 of the Dungeon
  3747 | D:5      | Found a glowing golden altar of the Shining One.
  3853 | D:5      | Reached skill level 3 in Maces & Flails
  4194 | D:5      | Noticed a steam dragon
  4204 | D:5      | Killed a steam dragon
  4205 | D:5      | Reached skill level 4 in Maces & Flails
  4477 | D:5      | Reached XP level 8. HP: 88/88 MP: 9/9
  4859 | D:6      | Noticed Dowan
  4859 | D:6      | Noticed Duvessa
  4870 | D:6      | Killed Duvessa
  4870 | D:6      | Killed Dowan
  4871 | D:6      | Reached skill level 5 in Maces & Flails
  5067 | D:6      | Learned a level 1 spell: Slow
  5366 | D:6      | Noticed Blork the orc
  5369 | D:6      | Noticed Pikel
  5386 | D:6      | Killed Pikel
  5386 | D:6      | Killed Blork the orc
  5387 | D:6      | Reached skill level 7 in Maces & Flails
  5387 | D:6      | Reached skill level 5 in Dodging
  5975 | D:7      | Got a steaming lead amulet
  5977 | D:7      | Identified the amulet of Pantheism {Inacc rElec MP-9 Str+2}
                  | (You found it on level 7 of the Dungeon)
  6181 | D:7      | Noticed a hippogriff
  6193 | D:7      | Killed a hippogriff
  6194 | D:7      | Reached skill level 8 in Maces & Flails
  6194 | D:7      | Reached XP level 9. HP: 72/99 MP: 4/10
  6307 | D:7      | Found an ancient bone altar of Kikubaaqudgha.
  6313 | D:7      | Found a basalt altar of Yredelemnul.
  6317 | D:7      | Found a shadowy altar of Dithmenos.
  6434 | D:7      | Reached *** piety under Cheibriados
  6442 | D:7      | Found Ocliapse's Distillery.
  6449 | D:7      | Bought a potion of ambrosia for 44 gold pieces
  6449 | D:7      | Bought a potion of might for 44 gold pieces
  6449 | D:7      | Bought a potion of might for 44 gold pieces
  6449 | D:7      | Bought a potion of might for 44 gold pieces
  6449 | D:7      | Bought a potion of mutation for 88 gold pieces
  6449 | D:7      | Gained mutation: You are clumsy. (Dex -2) [potion of
                  | mutation]
  6449 | D:7      | Gained mutation: You have a pair of small antennae on your
                  | head. [potion of mutation]
  6449 | D:7      | Gained mutation: Your mind is acute. (Int +2) [potion of
                  | mutation]
  6647 | D:7      | Reached skill level 1 in Spellcasting
  6647 | D:7      | Reached skill level 1 in Hexes
  6653 | D:7      | Reached skill level 9 in Maces & Flails
  6952 | D:8      | Reached skill level 10 in Maces & Flails
  6980 | D:8      | Noticed a two-headed ogre
  7060 | D:8      | Killed a two-headed ogre
  7061 | D:8      | Reached skill level 11 in Maces & Flails
  7061 | D:8      | Reached XP level 10. HP: 30/110 MP: 6/11
  7202 | D:8      | Found a bloodstained altar of Trog.
  7218 | D:8      | Reached **** piety under Cheibriados
  7257 | D:8      | Found a staircase to the Orcish Mines.
  7386 | D:8      | Identified the +5 robe of the Loofah {Int+7}
  7681 | D:8      | Found an opulent altar of Gozag.
  7683 | D:8      | Found an ornate altar of the Wu Jian Council.
  7685 | D:8      | Found a burning altar of Makhleb.
  7686 | D:8      | Found a hazy altar of Hepliaklqana.
  7686 | D:8      | Found a stormy altar of Qazlal.
  7686 | D:8      | Found a radiant altar of Vehumet.
  7686 | D:8      | Found a shattered altar of Ashenzari.
  7833 | Orc      | Entered the Orcish Mines
  7833 | Orc      | Found a roughly hewn altar of Beogh.
  7833 | Orc      | Noticed an orc knight
  7833 | Orc      | Noticed an orc knight
  7861 | Orc      | HP: 4/112 [orc knight/+0 great sword of freezing (28)]
  7861 | Orc      | Slain by an orc knight

Skill      XL: |  1  2  3  4  5  6  7  8  9 |
---------------+----------------------------+-----
Dodging        | 3 4 5 6 |  6.1
Fighting       | 4 5 6 7 |  7.7
Stealth        | 3 |  3.6
Staves         | 4 5 |  5.5
Maces & Flails | 1 4 8 11 | 11.6
Axes           | 2 |  2.0
Spellcasting   | 1 |  1.0
Hexes          | 1 |  1.0
Invocations    | |  2.4
Evocations     | |  0.3

Action                   |  1- 3 |  4- 6 |  7- 9 | 10-12 || total
-------------------------+-------+-------+-------+-------++-------
Melee: Quarterstaff      |   121 |   167 |       |       ||   288
       Flail             |       |    11 |    10 |       ||    21
       War axe           |       |       |    42 |       ||    42
       Giant spiked club |       |       |   172 |    48 ||   220
 Cast: Slow              |       |       |     7 |       ||     7
Invok: Bend Time         |       |       |     5 |       ||     5
Evoke: Wand              |       |       |     3 |       ||     3
  Use: Potion            |     2 |     4 |     2 |     2 ||    10
       Scroll            |     1 |     4 |     6 |       ||    11
 Stab: Sleeping          |     3 |     2 |       |     1 ||     6
  Eat: Chunk             |     4 |     9 |     7 |     3 ||    23
       Ration            |       |       |     3 |     2 ||     5
Armor: Skin              |   114 |   133 |   229 |    37 ||   513
Dodge: Dodged            |   127 |   179 |   296 |    75 ||   677
